 Dungeon Crawl Stone Soup version 0.25-a0-890-g62861fb195 (webtiles) character file.

Game seed: 5498165005603867335, levelgen mode: classic

35 EnegeticOcto the Skirmisher (level 3, -2/26 HPs)
             Began as an Octopode Fighter on May 2, 2020.
             Slain by an orc priest
             ... wielding a +0 flail
              (12 damage)
             ... on level 2 of the Dungeon.
             The game lasted 00:00:19 (904 turns).

EnegeticOcto the Skirmisher (Octopode Fighter)       Turns: 904, Time: 00:00:20

Health: -2/26      AC:  1    Str: 15    XL:     3   Next: 35%
Magic:  3/3        EV: 11    Int: 10    God:
Gold:   33         SH:  8    Dex: 12    Spells: 2/2 levels left

rFire    . . .     SeeInvis .   a - +0 long sword
rCold    . . .     Gourm    .   b - +0 kite shield
rNeg     . . .     Faith    .   (helmet restricted)
rPois    .         Spirit   .   (no amulet)
rElec    .         Reflect  .   i - ring of protection from magic (curse)
rCorr    .         Harm     .   (no ring)
MR       +....                  (no ring)
Stlth    ++........             (no ring)
HPRegen  0.08/turn              (no ring)
MPRegen  0.08/turn              (no ring)
                                (no ring)
                                (no ring)

@: no status effects
A: almost no armour, stealthy swim, amphibious, 8 rings, constrict 8, camouflage
1, gelatinous body 1
a: no special abilities


You were on level 2 of the Dungeon.
You were not hungry.

You visited 1 branch of the dungeon, and saw 2 of its levels.

You collected 33 gold pieces.

Inventory:

Hand Weapons
 a - a +0 long sword (weapon)
Armour
 b - a +0 kite shield (worn)
Jewellery
 i - a cursed ring of protection from magic (left tentacle)
Scrolls
 c - a scroll of magic mapping {unknown}
 f - 3 scrolls of amnesia {unknown}
 h - a scroll of fear {unknown}
 j - a scroll of remove curse {unknown}
Potions
 g - 2 potions of curing {unknown}
 k - 2 potions of might {@q3}
Comestibles
 e - 2 rations


   Skills:
 + Level 3.3 Fighting
 * Level 3.0 Long Blades
 - Level 3.0 Dodging
 + Level 3.3 Shields


You had 2 spell levels left.
You didn't know any spells.
Your spell library was empty.

Dungeon Overview and Level Annotations

Branches:
Dungeon (2/15)

Altars:


Innate Abilities, Weirdness & Mutations

You cannot wear most types of armour.
You are very stealthy in the water. (Stealth+)
You are amphibious.
You can wear up to eight rings at the same time.
You can use your tentacles to constrict eight enemies at once.
Your skin changes colour to match your surroundings (Stealth+).
Your rubbery body absorbs attacks. (AC +1, EV +1)


Message History

You have reached level 3!
Your experience leads to an increase in your attributes!
Increase (S)trength, (I)ntelligence, or (D)exterity?
You feel agile.
Things that are here:
a cursed +0 short sword; 3 stones; a kobold corpse
j - a scroll labeled UNIPOU LINITSE Some of the chunks of flesh in your inventory have rotted away.
You see here a +0 dagger.
You see here a +0 dagger.
You see here 10 arrows.
All of the chunks of flesh in your inventory have rotted away.
You see here a +0 dagger.
You see here a +0 club.
Found a stone staircase leading down.
No target in view!
There is a stone staircase leading down here.
Done exploring.
Done exploring.
No target in view!
No target in view!
No target in view!
No target in view!
No target in view!
No target in view!
No target in view!
Done exploring.
Done exploring.
Done exploring.
Done exploring.
No target in view!
(D) Dungeon
Where to? (? - help)
You climb downwards.
A rat, 2 goblins and an orc priest come into view.
The goblin shouts! x2; The orc priest shouts!
You hear a shout! x4
There is a stone staircase leading up here.
There are monsters nearby!
There are monsters nearby!
You closely miss the goblin. You grab the goblin. You constrict the goblin.
You block the goblin's attack.
An orc comes into view. It is wielding a +0 hand axe.
An orc comes into view.
You hit the goblin.
You kill the goblin!
A hobgoblin comes into view. It is wielding a -3 club.
An orc comes into view. It is wielding a +0 dagger.
The orc priest looks satisfied for a moment.
The goblin hits you with a +0 dagger.
You hit the goblin. Your grab misses the goblin.
The goblin is moderately wounded.
You block the goblin's attack. The rat bites you.
An orc comes into view.
The goblin barely misses you.
The rat twitches its whiskers.
You block the rat's attack.
You hit the goblin but do no damage. Your grab misses the goblin.
The goblin is moderately wounded.
You block the goblin's attack. The rat barely misses you.
You hit the goblin.
You kill the goblin!
You block the rat's attack.
The orc priest looks encouraged for a moment.
You closely miss the rat. Your grab misses the rat. You block the rat's attack.
The orc priest looks satisfied for a moment.
The hobgoblin closely misses you. The rat completely misses you.
You riposte.
You barely miss the rat. Your grab misses the rat.
The orc hits you with a +0 hand axe.
You slash the orc!
You kill the orc!
You block the hobgoblin's attack. The rat barely misses you.
You riposte.
You slash the rat!
You kill the rat!
You block the orc's attack.
You hit the orc. Your grab misses the orc.
The orc is lightly wounded.
The orc hits you with a +0 dagger. The hobgoblin barely misses you.
The orc closely misses you.
You barely miss the orc. Your grab misses the orc.
The orc is lightly wounded.
You block the hobgoblin's attack. The orc misses you.
You riposte.
You slash the orc!
You kill the orc!
The orc closely misses you.
The hobgoblin hits you but does no damage.
You barely miss the orc. You grab the orc. You constrict the orc.
You block the orc's attack. x2; The hobgoblin closely misses you.
The orc priest barely misses you.
You riposte.
You closely miss the orc priest. You grab the orc priest.
You hit the orc priest but do no damage.
You constrict the orc.
You constrict the orc priest, but do no damage.
The orc hits you with a +0 dagger. The orc barely misses you.
You riposte.
You slash the orc!
You kill the orc!
The hobgoblin closely misses you.
You riposte.
You slash the hobgoblin!
You kill the hobgoblin!
Your Long Blades skill increases to level 3!
The orc priest hits you with a +0 flail!
You die...

##.## #...#
#...# #...####
#.......
#....####
#######).......
#....o@<†...8..
.......o........
##..............
#######........
#.....8..
#........
#....#### #.....


You could see an orc priest and an orc.

Vanquished Creatures
  A dart slug (D:1)
  3 orcs (D:2)
  A ball python (D:1)
  2 bats (D:1)
  A giant cockroach (D:1)
  6 goblins
  3 hobgoblins
  4 jackals (D:1)
  2 kobolds (D:1)
  2 rats
25 creatures vanquished.

Notes
Turn   | Place    | Note
-------+----------+-------------------------------------------
     0 | D:1      | EnegeticOcto the Octopode Fighter began the quest for the
                  | Orb.
     0 | D:1      | Reached XP level 1. HP: 16/16 MP: 1/1
   225 | D:1      | Reached XP level 2. HP: 17/21 MP: 2/2
   683 | D:1      | Reached XP level 3. HP: 26/26 MP: 3/3
   904 | D:2      | Slain by an orc priest

Levels and vault maps discovered:
D:1:      minmay_arrival_solitary_statue, layout_loops_ring
D:2:      cheibrodos_pilgrimage, layout_loops_cross,
          chequers_ecumenical_altar_simple_redux, serial_rivers,
          chequers_serial_rivers_small_b, chequers_serial_rivers_room_b,
          chequers_serial_rivers_room_b, chequers_serial_rivers_micro_b,
          chequers_serial_rivers_room_b, okawaru_trees_1

Skill      XL: |  1  2  3 |
---------------+----------+-----
Long Blades    | 3 |  3.0
Fighting       | |  3.3
Dodging        | |  3.0
Shields        | |  3.3

Action                   || total
-------------------------++-------
Melee: Long sword        ||    39
       Constrict         ||    14
       Tentacles         ||     4
 Stab: Sleeping          ||     5
Armor: Skin              ||     3
Dodge: Dodged            ||    26
Block: Kite shield       ||    22
       Rpst.: Long sword ||     9

Table legend:
 A = Non-vault XP
 B = Vault XP
 C = Vault XP percentage of total XP
 D = Non-vault monster count
 E = Vault monster count
 F = Vault count percentage of total count
                 A         B        C        D         E       F
            +---------+---------+-------+---------+---------+-------
      Total |      42 |       9 |  17.6 |      22 |       3 |  12.0
            +---------+---------+-------+---------+---------+-------
        D:1 |      35 |       0 |   0.0 |      18 |       0 |   0.0
        D:2 |       7 |       9 |  56.2 |       4 |       3 |  42.9
            +---------+---------+-------+---------+---------+-------
